 Dungeon Crawl Stone Soup version 0.25.1-2-g60ff931df9 (webtiles) character file.

Game seed: 16791219518116868696

415 Kold the Insei (level 6, -7/38 HPs)
             Began as an Octopode Transmuter on Aug 14, 2020.
             Mangled by an ogre
             ... wielding a +0 giant spiked club
              (19 damage)
             ... on level 4 of the Dungeon.
             The game lasted 00:06:28 (4655 turns).

Kold the Insei (Octopode Transmuter)                Turns: 4655, Time: 00:06:30

Health: -7/38      AC:  2    Str: 10    XL:     6   Next: 92%
Magic:  10/18      EV: 19    Int: 17    God:
Gold:   177        SH:  0    Dex: 17    Spells: 3/9 levels left

rFire    . . .     SeeInvis .     - Unarmed
rCold    . . .     Gourm    .   (shield currently unavailable)
rNeg     . . .     Faith    .   (helmet currently unavailable)
rPois    .         Spirit   .   (no amulet)
rElec    .         Reflect  .   b - ring of poison resistance
rCorr    .         Harm     .   l - ring of magical power
MR       .....                  (no ring)
Stlth    ++........             (no ring)
HPRegen  0.12/turn              (no ring)
MPRegen  0.16/turn              (no ring)
                                (no ring)
                                (no ring)

@: spider-form, very slightly contaminated
A: tiny, almost no armour, stealthy swim, (amphibious), 8 rings, (constrict 8)
a: End Transformation


You were on level 4 of the Dungeon.
You were not hungry.
You were a venomous arachnid creature.
You visited 1 branch of the dungeon, and saw 4 of its levels.

You collected 177 gold pieces.

Inventory:

Missiles
 a - 42 arrows
Armour
 n - a +0 buckler
Jewellery
 b - a ring of poison resistance (left front leg)
 l - a ring of magical power (right front leg)
Scrolls
 d - a scroll of identify
 e - 2 scrolls of enchant weapon {unknown}
 f - a scroll of noise
 h - a scroll of remove curse
 i - 2 scrolls of amnesia {unknown}
 j - a scroll of fog
 m - 3 scrolls of teleportation
 p - a scroll of immolation {unknown}
Potions
 g - a potion of curing
 o - a potion of haste {unknown}
Comestibles
 c - 2 rations
 k - 10 chunks of flesh


   Skills:
 - Level 1.0 Fighting
 - Level 2.0 Dodging
 + Level 5.3 Unarmed Combat
 - Level 2.0 Spellcasting
 + Level 4.8 Transmutations
 - Level 3.0 Poison Magic


You had 3 spell levels left.
You knew the following spells:

 Your Spells              Type           Power        Failure   Level  Hunger
a - Beastly Appendage     Tmut           ###...       10%         1    #......
b - Sticks to Snakes      Tmut           ###.....     13%         2    ###....
c - Spider Form           Tmut/Pois      ###.......   28%         3    ###....

Your spell library contained the following spells:

 Spells                   Type           Power        Failure   Level  Hunger
 Ice Form                 Ice/Tmut       #.......     77%         4    #####..
 Blade Hands              Tmut           ###.......   78%         5    ######.


Dungeon Overview and Level Annotations

Branches:
Dungeon (4/15)
 Temple: D:4-7

Altars:
Fedhas


Innate Abilities, Weirdness & Mutations

You cannot wear most types of armour.
You are very stealthy in the water. (Stealth+)
((You are amphibious.))
You can wear up to eight rings at the same time.
((You can use your tentacles to constrict eight enemies at once.))
((Your skin changes colour to match your surroundings (Stealth+).))
((Your rubbery body absorbs attacks. (AC +1, EV +1)))


Message History

You miscast Spider Form.
Nothing appears to happen.
The killer bee stings you. The killer bee misses you.
The ogre barely misses you.
Casting: Spider Form (dangerous; 12% risk of failure)
Confirm with . or Enter, or press ? or * to list all spells.
You turn into a venomous arachnid creature.
The killer bee closely misses you. The killer bee stings you.
The ogre completely misses you.
You hit the ogre.
The ogre is moderately wounded.
The killer bee barely misses you. The killer bee stings you!
You hit the ogre.
The ogre is poisoned.
The ogre is heavily wounded.
The killer bee misses you. The ogre misses you. The killer bee stings you!
You bite the ogre!
The ogre looks as sick as possible!
The ogre is severely wounded.
The killer bee closely misses you.
The killer bee stings you but does no damage.
The ogre hits you with a +0 giant spiked club!!
Ouch! That really hurt!
You die...

.... ##...# ....
##.....# ....
#....... ####
#..#
#.......##...##
#.
#......#.....:#
..
##...>.........#
..
#..........#...#
#.
#........sO.?$.#
#.
#.......#.y...##
#.
##.....###....#..
## #
##....####./#...
#. # ####...#
#.....###. ###
###.##
#....[...###..
#..#
####.###....#
##.# ##.##..####
#.## ##.....####.


You could see an ogre (extremely poisoned) and a killer bee.

Vanquished Creatures
  A hound (D:3)
  2 orc wizards (D:3)
  2 worker ants (D:4)
  Robin (D:3)
  9 adders
  An adder skeleton (D:4)
  A worm (D:2)
  3 dart slugs
  A leopard gecko (D:4)
  8 orcs
  2 ball pythons
  2 bats
  4 giant cockroaches
  8 hobgoblins
  11 jackals
  5 kobolds
  2 quokkas (D:2)
  7 frilled lizards
  12 goblins
  7 rats
89 creatures vanquished.

Vanquished Creatures (collateral kills)
  Sigmund (D:3)
  A goblin (D:3)
2 creatures vanquished.

Grand Total: 91 creatures vanquished

Notes
Turn   | Place    | Note
-------+----------+-------------------------------------------
     0 | D:1      | Kold the Octopode Transmuter began the quest for the Orb.
     0 | D:1      | Reached XP level 1. HP: 13/13 MP: 3/3
   327 | D:1      | Reached XP level 2. HP: 18/18 MP: 3/5
  1347 | D:2      | Reached XP level 3. HP: 23/23 MP: 4/6
  1933 | D:2      | Learned a level 2 spell: Sticks to Snakes
  1937 | D:2      | Learned a level 3 spell: Spider Form
  2375 | D:2      | Reached skill level 4 in Unarmed Combat
  2375 | D:2      | Reached XP level 4. HP: 25/28 MP: 7/7
  2934 | D:3      | Reached XP level 5. HP: 13/33 MP: 8/8
  3154 | D:3      | Noticed Robin
  3161 | D:3      | Killed Robin
  3560 | D:3      | Found a blossoming altar of Fedhas.
  3565 | D:3      | Noticed Sigmund
  3591 | D:3      | Killed Sigmund
  3591 | D:3      | Reached XP level 6. HP: 22/38 MP: 9/9
  3802 | D:3      | Reached skill level 5 in Unarmed Combat
  4655 | D:4      | Mangled by an ogre

Illustrated notes

Levels and vault maps discovered:
D:1:      psy_arrival_terrarium, layout_loops_corners, serial_forest,
          infiniplex_forest_zigzag_1, infiniplex_forest_lined_ring,
          infiniplex_forest_clump_diagonal, infiniplex_forest_clump_tiny,
          infiniplex_forest_clump_medium
D:2:      layout_loops_ring, first_ration
D:3:      layout_basic, fedhas_ov_isle_minmay, uniq_robin, uniq_sigmund
D:4:      layout_rooms, minmay_manual_moon

Skill      XL: |  1  2  3  4  5  6 |
---------------+-------------------+-----
Transmutations | 3 4 |  4.8
Unarmed Combat | 4 5 |  5.3
Poison Magic   | 2 3 |  3.0
Fighting       | |  1.0
Dodging        | |  2.0
Spellcasting   | |  2.0

Action                   |  1- 3 |  4- 6 || total
-------------------------+-------+-------++-------
Melee: Unarmed           |    78 |   118 ||   196
       Constrict         |    27 |    27 ||    54
       Kick              |    21 |    16 ||    37
       Tentacles         |    12 |    19 ||    31
       Punch             |     2 |     1 ||     3
 Cast: Beastly Appendage |    23 |    20 ||    43
       Sticks to Snakes  |     1 |     4 ||     5
       Spider Form       |       |     9 ||     9
  Use: Scroll            |       |     4 ||     4
       Potion            |       |     3 ||     3
 Stab: Sleeping          |     2 |     2 ||     4
  Eat: Chunk             |     5 |     9 ||    14
Armor: Skin              |     6 |    11 ||    17
Dodge: Dodged            |    43 |   134 ||   177
